PCL
PHOENIX GIANTS @ TACOMA CUBS
05/05/1981
 
TOP OF THE 1ST
Phoenix Giants batting - Pitching for Tacoma Cubs : RHP Ben Callahan
Pitching: RHP Ben Callahan
Batting: LHB Gordon Hahn 0-0: Called Strike
0-1: Swinging Strike
0-2: Ball
1-2: Ball
2-2: Strikes out swinging
Batting: RHB Paul Zuvella 0-0: Called Strike
0-1: Ground out 1-3 (Groundball, 13, EV 71.9 MPH)
Batting: RHB Tim Teufel 0-0: Foul Ball, location: 2F
0-1: Foul Ball, location: 2F
0-2: Ball
1-2: Fly out, F9 (Flyball, 89D, EV 87.5 MPH)
Top of the 1st over - 0 runs, 0 hits, 0 errors, 0 left on base; Phoenix 0 - Tacoma 0
BOTTOM OF THE 1ST
Tacoma Cubs batting - Pitching for Phoenix Giants : RHP Phil Huffman
Pitching: RHP Phil Huffman
Batting: LHB Robert Kraft 0-0: Ball
1-0: Ball
2-0: Called Strike
2-1: SINGLE (Line Drive, 7S, EV 97.5 MPH)
Batting: RHB Tony Johnson 0-0: SINGLE (Line Drive, 34, EV 94.4 MPH)
Robert Kraft to second
Runner from 2nd tries for 3rd, SAFE, throw by RF made to third
Batting: RHB Marty Castillo 0-0: Ball
1-0: Ball
2-0: Fly out, F9 (Flyball, 9LS, EV 96.3 MPH)
Batting: RHB Larry Hamilton 0-0: Ball
1-0: Ball
Tony Johnson steals 2nd base
2-0: Called Strike
2-1: Ground out 6-3 (Groundball, 56, EV 101.9 MPH)
Robert Kraft scores
Batting: LHB Broderick Perkins 0-0: Ball
1-0: Foul Ball, location: 2F
1-1: Foul Ball, location: 2F
1-2: Ball
2-2: Ball
3-2: Base on Balls
Batting: RHB Bobby Malone 0-0: Fielders Choice at 2nd, 5-4 (Groundball, 5L, EV 103.1 MPH)
Bottom of the 1st over - 1 run, 2 hits, 0 errors, 2 left on base; Phoenix 0 - Tacoma 1
TOP OF THE 2ND
Phoenix Giants batting - Pitching for Tacoma Cubs : RHP Ben Callahan
Batting: LHB Milt May 0-0: Called Strike
0-1: Called Strike
0-2: Ball
1-2: Foul Ball, location: 2F
1-2: SOLO HOME RUN (Flyball, 9D, EV 91.3 MPH), Distance : 355 ft
Batting: LHB Joseph Bruno 0-0: Foul Ball, location: 2F
0-1: Ground out 4-3 (Groundball, 4, EV 84.4 MPH)
Batting: LHB Bobby V Mitchell 0-0: SINGLE (Groundball, 4M, EV 108.8 MPH)
Batting: LHB Mike Reynolds 0-0: Ball
1-0: Called Strike
1-1: Ball
2-1: Swinging Strike
2-2: Strikes out looking
Batting: SHB Mike Thorpe 0-0: Called Strike
0-1: Ball
1-1: Called Strike
1-2: Strikes out swinging
Top of the 2nd over - 1 run, 2 hits, 0 errors, 1 left on base; Phoenix 1 - Tacoma 1
BOTTOM OF THE 2ND
Tacoma Cubs batting - Pitching for Phoenix Giants : RHP Phil Huffman
Batting: RHB Bill Lyons 0-0: Called Strike
0-1: Ball
1-1: Ball
2-1: Swinging Strike
2-2: Strikes out looking
Batting: LHB Thad Bosley 0-0: Ground out 4-3 (Groundball, 4, EV 83.1 MPH)
Batting: RHB William Parmenter 0-0: Called Strike
0-1: Ball
1-1: Foul Ball, location: 2F
1-2: Ball
2-2: Foul Ball, location: 2F
2-2: Ball
3-2: Base on Balls
Batting: LHB Robert Kraft 0-0: Ball
William Parmenter steals 2nd base
1-0: Ball
2-0: Ball
3-0: Called Strike
3-1: Ground out U3 (Groundball, 3S, EV 81.3 MPH)
Bottom of the 2nd over - 0 runs, 0 hits, 0 errors, 1 left on base; Phoenix 1 - Tacoma 1
TOP OF THE 3RD
Phoenix Giants batting - Pitching for Tacoma Cubs : RHP Ben Callahan
Batting: LHB Frank Gill 0-0: Ground out U3 (Groundball, 3, EV 88.1 MPH)
Batting: LHB Gordon Hahn 0-0: Ball
1-0: Ball
2-0: Reached on error, E6 (Groundball, 4M, EV 83.1 MPH)
Batting: RHB Paul Zuvella 0-0: SINGLE (Groundball, 34D, EV 103.8 MPH)
Gordon Hahn to second
Runner from 2nd tries for 3rd, SAFE, throw by RF made to third
Batting: RHB Tim Teufel 0-0: Called Strike
Paul Zuvella steals 2nd base
0-1: Ball
1-1: Ball
2-1: Ball
3-1: Base on Balls
Batting: LHB Milt May 0-0: Fly out, F8 (Flyball, 8LS, EV 82.5 MPH)
Runner from 3rd tags up, SCORES, throw by CF
Batting: LHB Joseph Bruno 0-0: Called Strike
0-1: Ball
1-1: Foul Ball, location: 2F
1-2: Strikes out looking
Top of the 3rd over - 1 run, 1 hit, 1 error, 2 left on base; Phoenix 2 - Tacoma 1
BOTTOM OF THE 3RD
Tacoma Cubs batting - Pitching for Phoenix Giants : RHP Phil Huffman
Batting: RHB Tony Johnson 0-0: Called Strike
0-1: Ball
1-1: Fly out, F4 (Popup, 4, EV 51.9 MPH)
Batting: RHB Marty Castillo 0-0: Called Strike
0-1: Called Strike
0-2: Foul Ball, location: 2F
0-2: Ball
1-2: Fly out, F9 (Flyball, 9, EV 87.5 MPH)
Batting: RHB Larry Hamilton 0-0: Ball
1-0: Ball
2-0: Foul Ball, location: 2F
2-1: Called Strike
2-2: Ball
3-2: Ground out 4-3 (Groundball, 4S, EV 83.1 MPH)
Bottom of the 3rd over - 0 runs, 0 hits, 0 errors, 0 left on base; Phoenix 2 - Tacoma 1
TOP OF THE 4TH
Phoenix Giants batting - Pitching for Tacoma Cubs : RHP Ben Callahan
Batting: LHB Bobby V Mitchell 0-0: Ground out 4-3 (Groundball, 34, EV 98.1 MPH)
Batting: LHB Mike Reynolds 0-0: SINGLE (Groundball, 4S, EV 68.8 MPH) (infield hit)
Batting: SHB Mike Thorpe 0-0: Ball
1-0: Called Strike
1-1: Foul Ball, location: 2F
1-2: Reached on error, E4 (Groundball, 4, EV 88.8 MPH)
Mike Reynolds to second
Batting: LHB Frank Gill 0-0: Foul Ball, location: 2F
0-1: Ball
1-1: Called Strike
1-2: Grounds into double play, 4-6-3 (Groundball, 4, EV 81.3 MPH)
Top of the 4th over - 0 runs, 1 hit, 1 error, 1 left on base; Phoenix 2 - Tacoma 1
BOTTOM OF THE 4TH
Tacoma Cubs batting - Pitching for Phoenix Giants : RHP Phil Huffman
Batting: LHB Broderick Perkins 0-0: Called Strike
0-1: Ball
1-1: SINGLE (Line Drive, 78S, EV 108.1 MPH)
Batting: RHB Bobby Malone 0-0: Ball
1-0: Swinging Strike
1-1: Ball
2-1: Foul Ball, location: 2F
2-2: Ball
3-2: Strikes out swinging
Batting: RHB Bill Lyons 0-0: Ball
1-0: Grounds into double play, 5-4-3 (Groundball, 56, EV 83.8 MPH)
Bottom of the 4th over - 0 runs, 1 hit, 0 errors, 0 left on base; Phoenix 2 - Tacoma 1
TOP OF THE 5TH
Phoenix Giants batting - Pitching for Tacoma Cubs : RHP Ben Callahan
Batting: LHB Gordon Hahn 0-0: Ball
1-0: Foul Ball, location: 2F
1-1: Called Strike
1-2: Ball
2-2: Ball
3-2: SINGLE (Line Drive, 8LS, EV 94.4 MPH)
Batting: RHB Paul Zuvella 0-0: Bunt missed!
0-1: Ball
1-1: Ball
2-1: Bunt missed!
2-2: Ball
Gordon Hahn steals 2nd base
3-2: Foul Ball, location: 2F
3-2: Ground out U3 (Groundball, 3L, EV 101.9 MPH)
Gordon Hahn to third
Batting: RHB Tim Teufel 0-0: SINGLE (Groundball, 34, EV 100.0 MPH)
Gordon Hahn scores
Batting: LHB Milt May 0-0: Fly out, F8 (Line Drive, 8LD, EV 98.1 MPH)
Batting: LHB Joseph Bruno 0-0: Ball
1-0: Swinging Strike
1-1: Fly out, F9 (Flyball, 9, EV 83.8 MPH)
Top of the 5th over - 1 run, 2 hits, 0 errors, 1 left on base; Phoenix 3 - Tacoma 1
BOTTOM OF THE 5TH
Tacoma Cubs batting - Pitching for Phoenix Giants : RHP Phil Huffman
Batting: LHB Thad Bosley 0-0: Foul Ball, location: 2F
0-1: Fly out, F1 (Line Drive, P, EV 70.6 MPH)
Batting: RHB William Parmenter 0-0: Swinging Strike
0-1: Foul Ball, location: 2F
0-2: Ball
1-2: Ball
2-2: Ball
3-2: Strikes out swinging
Batting: LHB Robert Kraft 0-0: Swinging Strike
0-1: Foul Ball, location: 2F
0-2: Ball
1-2: Foul Ball, location: 2F
1-2: Ball
2-2: Ball
3-2: Fly out, F6 (Popup, 6MS, EV 75.6 MPH)
Bottom of the 5th over - 0 runs, 0 hits, 0 errors, 0 left on base; Phoenix 3 - Tacoma 1
TOP OF THE 6TH
Phoenix Giants batting - Pitching for Tacoma Cubs : RHP Ben Callahan
Batting: LHB Bobby V Mitchell 0-0: Ball
1-0: Called Strike
1-1: Ball
2-1: Ball
3-1: Base on Balls
Batting: LHB Mike Reynolds 0-0: Foul Ball, location: 2F
0-1: Ball
1-1: Ball
Bobby V Mitchell steals 2nd base
2-1: Ball
3-1: Called Strike
3-2: SINGLE (Groundball, 4S, EV 95.6 MPH)
Bobby V Mitchell to third
Runner from 3rd tries for Home, SAFE, throw by CF to home
Batting: SHB Mike Thorpe 0-0: Ball
1-0: Ball
2-0: Bunt missed!
2-1: Bunt missed!
2-2: SINGLE (Groundball, 6MD, EV 100.6 MPH)
Mike Reynolds to second
Runner from 2nd tries for 3rd, SAFE, no throw by CF
Batting: LHB Frank Gill 0-0: Ball
1-0: Ball
2-0: SINGLE (Groundball, 4S, EV 98.1 MPH)
Mike Reynolds scores
Mike Thorpe to second
Runner from 2nd tries for 3rd, SAFE, throw by CF made to third
Pitching: RHP Ben Gilliland
Batting: LHB Gordon Hahn 0-0: Ball
1-0: Called Strike
1-1: Ball
2-1: Swinging Strike
2-2: Strikes out swinging
Batting: RHB Paul Zuvella 0-0: Ball
1-0: Ball
2-0: Ball
3-0: Called Strike
3-1: Base on Balls
Frank Gill to second
Batting: RHB Tim Teufel 0-0: Ball
1-0: Fly out, F8 (Flyball, 8LD, EV 85.0 MPH)
Runner from 3rd tags up, SCORES, throw by CF
Frank Gill to third
Batting: LHB Milt May 0-0: Foul Ball, location: 2F
0-1: Called Strike
0-2: 3-RUN HOME RUN (Flyball, 9LD, EV 90.6 MPH), Distance : 372 ft
Batting: LHB Joseph Bruno 0-0: Foul Ball, location: 2F
0-1: Swinging Strike
0-2: Strikes out looking
Top of the 6th over - 6 runs, 4 hits, 0 errors, 0 left on base; Phoenix 9 - Tacoma 1
BOTTOM OF THE 6TH
Tacoma Cubs batting - Pitching for Phoenix Giants : RHP Phil Huffman
Batting: RHB Tony Johnson 0-0: Called Strike
0-1: Ball
1-1: Ball
2-1: Fly out, F3 (Popup, 3SF, EV 77.5 MPH)
Batting: RHB Marty Castillo 0-0: Ball
1-0: Ball
2-0: Ground out 1-3 (Groundball, 13S, EV 74.4 MPH)
Batting: RHB Larry Hamilton 0-0: Foul Ball, location: 2F
0-1: Ball
1-1: Foul Ball, location: 2F
1-2: Foul Ball, location: 2F
1-2: Fly out, F4 (Popup, 23, EV 88.8 MPH)
Bottom of the 6th over - 0 runs, 0 hits, 0 errors, 0 left on base; Phoenix 9 - Tacoma 1
TOP OF THE 7TH
Phoenix Giants batting - Pitching for Tacoma Cubs : RHP Ben Gilliland
Batting: LHB Bobby V Mitchell 0-0: Called Strike
0-1: Called Strike
0-2: Ball
1-2: Foul Ball, location: 2F
1-2: Foul Ball, location: 2F
1-2: Ball
2-2: Strikes out swinging
Batting: LHB Mike Reynolds 0-0: Ball
1-0: Ball
2-0: Ball
3-0: Called Strike
3-1: Base on Balls
Pinch Hitting: RHB Dan Henry 0-0: Called Strike
0-1: Ball
1-1: Ball
2-1: Called Strike
2-2: Ball
3-2: Strikes out swinging
Mike Reynolds is caught stealing 2nd base 2-4
Batter strikes out.
Top of the 7th over - 0 runs, 0 hits, 0 errors, 0 left on base; Phoenix 9 - Tacoma 1
BOTTOM OF THE 7TH
Tacoma Cubs batting - Pitching for Phoenix Giants : RHP Phil Huffman
Now at 3B: Dan Henry
Batting: LHB Broderick Perkins 0-0: Called Strike
0-1: Fly out, F5 (Line Drive, 5, EV 66.3 MPH)
Batting: RHB Bobby Malone 0-0: Called Strike
0-1: Ball
1-1: Ball
2-1: Swinging Strike
2-2: Ball
3-2: Strikes out looking
Batting: RHB Bill Lyons 0-0: Called Strike
0-1: Ball
1-1: Ground out 6-3 (Groundball, 6, EV 76.9 MPH)
Bottom of the 7th over - 0 runs, 0 hits, 0 errors, 0 left on base; Phoenix 9 - Tacoma 1
TOP OF THE 8TH
Phoenix Giants batting - Pitching for Tacoma Cubs : RHP Ben Gilliland
Batting: LHB Frank Gill 0-0: Called Strike
0-1: Fly out, F7 (Line Drive, 7, EV 96.3 MPH)
Batting: LHB Gordon Hahn 0-0: Ball
1-0: Ball
2-0: SINGLE (Flyball, 8LS, EV 93.8 MPH)
Batting: RHB Paul Zuvella 0-0: Called Strike
0-1: Called Strike
0-2: Grounds into double play, 5-4-3 (Groundball, 5S, EV 82.5 MPH)
Top of the 8th over - 0 runs, 1 hit, 0 errors, 0 left on base; Phoenix 9 - Tacoma 1
BOTTOM OF THE 8TH
Tacoma Cubs batting - Pitching for Phoenix Giants : RHP Phil Huffman
Pitching: RHP William Martin
Batting: LHB Thad Bosley 0-0: Foul Ball, location: 2F
0-1: Ball
1-1: SINGLE (Groundball, 34D, EV 101.3 MPH)
Batting: RHB William Parmenter 0-0: Foul Ball, location: 2F
0-1: Called Strike
0-2: Ball
1-2: Foul Ball, location: 2F
1-2: Ball
2-2: Ball
3-2: Strikes out swinging
Batting: LHB Robert Kraft 0-0: Ball
1-0: Ball
2-0: Ball
3-0: Base on Balls
Thad Bosley to second
Batting: RHB Tony Johnson 0-0: Ball
1-0: Ball
2-0: Foul Ball, location: 2F
2-1: Ball
3-1: Fly out, F9 (Line Drive, 9, EV 85.6 MPH)
Batting: RHB Marty Castillo 0-0: Fielders Choice at 2nd, 5-4 (Groundball, 56, EV 90.6 MPH)
Bottom of the 8th over - 0 runs, 1 hit, 0 errors, 2 left on base; Phoenix 9 - Tacoma 1
TOP OF THE 9TH
Phoenix Giants batting - Pitching for Tacoma Cubs : RHP Ben Gilliland
Batting: RHB Tim Teufel 0-0: Called Strike
0-1: Ball
1-1: SOLO HOME RUN (Flyball, 7D, EV 91.3 MPH), Distance : 365 ft
Batting: LHB Milt May 0-0: Ball
1-0: Ball
2-0: Called Strike
2-1: Foul Ball, location: 2F
2-2: Ball
3-2: Foul Ball, location: 2F
3-2: Foul Ball, location: 2F
3-2: Base on Balls
Batting: LHB Joseph Bruno 0-0: Called Strike
0-1: Swinging Strike
0-2: Ball
1-2: Ball
2-2: Ball
3-2: Base on Balls
Milt May to second
Pitching: RHP Miguel Hernandez
Batting: LHB Bobby V Mitchell 0-0: Ball
1-0: Ball
2-0: Foul Ball, location: 2F
2-1: Called Strike
2-2: Ball
3-2: Fielders Choice at 2nd, 4-6 (Groundball, 4, EV 85.6 MPH)
Milt May to third
Batting: LHB Mike Reynolds 0-0: Called Strike
0-1: Foul Ball, location: 2F
0-2: Ball
1-2: Fly out, F7 (Flyball, 7D, EV 109.4 MPH)
Runner from 3rd tags up, SCORES, no throw by LF
Batting: RHB Dan Henry 0-0: Called Strike
0-1: Fielders Choice at 2nd, 6-4 (Groundball, 6, EV 83.8 MPH)
Top of the 9th over - 2 runs, 1 hit, 0 errors, 1 left on base; Phoenix 11 - Tacoma 1
BOTTOM OF THE 9TH
Tacoma Cubs batting - Pitching for Phoenix Giants : RHP William Martin
Batting: RHB Larry Hamilton 0-0: Called Strike
0-1: Called Strike
0-2: Foul Ball, location: 2F
0-2: Strikes out swinging
Batting: LHB Broderick Perkins 0-0: Foul Ball, location: 2F
0-1: Called Strike
0-2: Foul Ball, location: 2F
0-2: Ball
1-2: Strikes out swinging
Batting: RHB Bobby Malone 0-0: Ball
1-0: Ball
2-0: Called Strike
2-1: Ball
3-1: Base on Balls
Pitching: RHP Phillip Welch
Batting: RHB Bill Lyons 0-0: Ball
1-0: Foul Ball, location: 2F
1-1: Ball
2-1: Ball
3-1: Base on Balls
Bobby Malone to second
Batting: LHB Thad Bosley 0-0: Called Strike
0-1: Foul Ball, location: 2F
0-2: Strikes out swinging
Bottom of the 9th over - 0 runs, 0 hits, 0 errors, 2 left on base; Phoenix 11 - Tacoma 1
Sunday, June 21st, 2020 - OOTP Baseball 21.4 Build 63